 Dungeon Crawl Stone Soup version 0.21-a0-111-g52d2817 (webtiles) character file.

36350 Ordine the Archer (level 13, -8/80 HPs)
             Began as a Tengu Wizard on July 10, 2017.
             Was the Champion of Dithmenos.
             Mangled by a blink frog (17 damage)
             ... on level 4 of the Lair of Beasts on July 11, 2017.
             The game lasted 01:31:36 (19142 turns).

Ordine the Archer (Tengu Wizard)                   Turns: 19142, Time: 01:31:38

Health: -8/80      AC: 12    Str: 20    XL:     13   Next: 89%
Magic:  11/11      EV: 17    Int: 25    God:    Dithmenos [******]
Gold:   473        SH:  0    Dex: 12    Spells: 15/20 levels left

rFire    . . .     SeeInvis +   a - +7 falchion of Zaej {freeze, MP-9 Str+6 Dex+3 SInv}
rCold    + . .     Gourm    +   (no shield)
rNeg     . . .     Faith    .   q - +0 troll leather armour
rPois    +         Spirit   .   w - +1 hat
rElec    .         Reflect  .   (no cloak)
rCorr    .         Harm     .   v - +0 pair of gloves
MR       +....                  (boots unavailable)
Stlth    +++.......             L - amulet of the gourmand
HPRegen  0.63/turn              e - +5 ring of protection
MPRegen  0.12/turn              o - ring "Bisaz" {rPois rC+ MR+ Str+4 Dex-4 Stlth-}

@: wreathed by umbra
A: beak, talons 3, clever 1, strong 1, able to fly 1
a: Fly, Shadow Step, Shadow Form, Renounce Religion


You were on level 4 of the Lair of Beasts.
You worshipped Dithmenos.
Dithmenos was exalted by your worship.
You were completely stuffed.

You visited 3 branches of the dungeon, and saw 17 of its levels.

You collected 1082 gold pieces.
You spent 609 gold pieces at shops.

Inventory:

Hand Weapons
 a - the +7 falchion of Zaej (weapon) {freeze, MP-9 Str+6 Dex+3 SInv}
   (You found it on level 7 of the Dungeon)

   It has been specially enchanted to freeze those struck by it, causing extra
   injury to most foes and up to half again as much damage against particularly
   susceptible opponents.
   It can also slow down cold-blooded creatures.
   It affects your strength (+6).
   It affects your dexterity (+3).
   It affects your magic capacity (-9).
   It lets you see invisible.
 b - the +3 shortbow of Mixzismi {speed, Str+5}
   (You found it on level 5 of the Dungeon)

   Attacks with this weapon are significantly faster.
   It affects your strength (+5).
 H - the +5 great sword "Luento" {venom, rPois Str+7 Dex-2 SInv}
   (You acquired it in the Ecumenical Temple)

   It poisons the flesh of those it strikes.
   It affects your strength (+7).
   It affects your dexterity (-2).
   It protects you from poison.
   It lets you see invisible.
Missiles
 x - 262 arrows
Armour
 q - a +0 troll leather armour (worn)
 v - a +0 pair of gloves (worn)
 w - a +1 hat (worn)
Jewellery
 e - a +5 ring of protection (left hand)
 f - an uncursed ring of protection from cold
 i - an uncursed ring of protection from magic
 k - an uncursed ring of poison resistance
 o - the ring "Bisaz" (right hand) {rPois rC+ MR+ Str+4 Dex-4 Stlth-}
   (You found it on level 4 of the Dungeon)

   [ring of loudness]

   It affects your strength (+4).
   It affects your dexterity (-4).
   It protects you from cold.
   It protects you from poison.
   It affects your resistance to hostile enchantments.
   It makes you less stealthy.
 C - an uncursed ring of magical power
 L - an amulet of the gourmand (around neck)
Wands
 I - a wand of digging (9/24)
Scrolls
 m - 4 scrolls of remove curse
 n - 6 scrolls of enchant armour
 r - 7 scrolls of amnesia
 z - a scroll of fog
 D - 2 scrolls of enchant weapon
 E - 3 scrolls of teleportation
 G - a scroll of recharging
 P - 2 scrolls of magic mapping
Potions
 h - 2 potions of flight
 j - 2 potions of curing
 p - 4 potions of brilliance
 s - 2 potions of haste
 B - 3 potions of resistance
 J - a potion of might
 K - 3 potions of lignification
 O - a potion of agility
Books
 c - a book of Minor Magic

   Spells                             Type                      Level
   a - Magic Dart                     Conjuration                  1
   b - Blink                          Translocation                2
   c - Call Imp                       Summoning                    2
   d - Slow                           Hexes                        2
   e - Conjure Flame                  Conjuration/Fire             3
   f - Mephitic Cloud                 Conjuration/Poison/Air       3
 u - a book of Callings

   Spells                             Type                      Level
   a - Summon Small Mammal            Summoning                    1
   b - Call Imp                       Summoning                    2
   c - Call Canine Familiar           Summoning                    3
   d - Summon Guardian Golem          Hexes/Summoning              3
   e - Summon Lightning Spire         Summoning/Air                4
   f - Summon Ice Beast               Ice/Summoning                4
 y - a book of Debilitation

   Spells                             Type                      Level
   a - Corona                         Hexes                        1
   b - Slow                           Hexes                        2
   c - Inner Flame                    Hexes/Fire                   3
   d - Portal Projectile              Hexes/Translocation          3
   e - Cause Fear                     Hexes                        4
   f - Leda's Liquefaction            Hexes/Earth                  4
 F - the Disquisition on Ice and Orientation
   (You found it on level 11 of the Dungeon)

   Spells                             Type                      Level
   a - Blink                          Translocation                2
   b - Throw Icicle                   Conjuration/Ice              4
   c - Ice Form                       Ice/Transmutation            4
   d - Passage of Golubria            Translocation                4
   e - Simulacrum                     Ice/Necromancy               6
 N - a Young Poisoner's Handbook

   Spells                             Type                      Level
   a - Sting                          Conjuration/Poison           1
   b - Poisonous Vapours              Poison/Air                   2
   c - Mephitic Cloud                 Conjuration/Poison/Air       3
   d - Olgreb's Toxic Radiance        Poison                       4
   e - Venom Bolt                     Conjuration/Poison           5
Comestibles
 d - 12 bread rations
 g - 11 meat rations
 l - 19 fruits
 A - 13 royal jellies


   Skills:
 + Level 8.9 Fighting
 + Level 9.2 Long Blades
 + Level 11.7 Bows
 - Level 6.0 Armour
 + Level 10.3 Dodging
 + Level 5.7 Stealth
 - Level 4.0 Spellcasting
   Level 5.0 Conjurations
 - Level 5.0 Hexes
   Level 1.2 Summonings
 - Level 5.0 Translocations
 + Level 6.4 Invocations


You had 15 spell levels left.
You knew the following spells:

 Your Spells              Type           Power        Failure   Level  Hunger
a - Portal Projectile     Hex/Tloc       ####..       4%          3    ##.....
b - Blink                 Tloc           N/A          1%          2    None


Dungeon Overview and Level Annotations

Branches:
Dungeon (11/15)            Temple (1/1) D:7            Lair (5/6) D:11
 Shoals (0/4) Lair:2          Orc (0/2) D:11
  Snake: Lair:2-4    Spider: Lair:2-4     Slime: Lair:5-6

Altars:
Ashenzari
Cheibriados
Dithmenos
Elyvilon
Fedhas
Gozag
Hepliaklqana
Kikubaaqudgha
Makhleb
Nemelex Xobeh
Okawaru
Qazlal
Ru
Sif Muna
Trog
Uskayaw
Vehumet
Wu Jian
Xom
Yredelemnul
Zin
The Shining One

Shops:
D:6 *   D:9 }   D:11 %

Portals:
Trove: D:10 (show slimy rune of Zot)


Innate Abilities, Weirdness & Mutations

You have a beak for a mouth.
You have claws for feet.
You can fly.
Your mind is acute. (Int +2)
Your muscles are strong. (Str +2)


Message History

The blink frog is no longer moving slowly.
The blink frog hits the fungus.
The blink frog hits the fungus!
The blink frog blinks! x2
The blink frog hits the fungus.
The blink frog blinks!
The blink frog blinks! x3
The water moccasin bites you but does no damage.
You slash the water moccasin! You freeze the water moccasin.
You claw the water moccasin.
You kill the water moccasin!
Dithmenos accepts your kill.
The blink frog blinks!
The blink frog blinks!
You slash the blink frog! You freeze the blink frog.
Your kick misses the blink frog.
The blink frog is moderately wounded.
The blink frog hits you!
* * * LOW HITPOINT WARNING * * *
The blink frog hits you!
You die...

#..........# ##.###
#..........# #.§..#
...........####..##
#...#.......# ##.#
.....#......# #.#
.PP..#.....### #§## ...
PP###......#.###..###...
................F.......
...............÷@.....)..
................F........
............#..#..#....##
#.#.#........##..##.....#
#..###.......#...#.....#
....#............PP....#
....##..........PPP....#
#...##......##.........#
............#P...##....#


You could see 2 blink frogs.

Vanquished Creatures
  Snorg (D:9)
  4 hydras
  Erolcha (D:10)
  Harold (D:11)
  The ghost of kroki the Cleaver, a journeyman DsWn of Okawaru (Lair:1)
  3 two-headed ogres
  A queen ant (Lair:5)
  An unseen horror (D:10)
  Pikel (D:4)
  2 ugly things (D:10)
  4 elephants
  A manticore (Lair:2)
  3 black mambas
  4 spiny frogs
  Psyche (D:11)
  2 gargoyles
  A kobold demonologist (D:11)
  2 komodo dragons
  A rime drake (Lair:2)
  A queen bee (Lair:2)
  7 trolls
  Grinder (D:6)
  7 blink frogs
  10 hippogriffs
  A wyvern (Lair:1)
  7 basilisks
  15 yaks
  A human (D:9)
  A wraith (D:11)
  3 hogs (D:9)
  A steam dragon (D:9)
  10 water moccasins
  4 soldier ants (Lair:5)
  Duvessa (D:7)
  The ghost of Ordine the Conjurer, an amateur TeWz (D:4)
  6 porcupines
  6 orc warriors
  2 sky beasts
  A hornet zombie (D:9)
  5 phantoms
  5 ice beasts
  3 necrophages
  6 ogres
  2 wolves
  6 centaurs
  7 crocodiles
  2 big kobolds
  15 bullfrogs
  3 gnoll sergeants
  A wyvern zombie (D:9)
  Dowan (D:7)
  3 scorpions
  A water moccasin skeleton (D:5)
  7 wights
  36 killer bees
  3 electric eels (D:11)
  5 howler monkeys
  6 crimson imps
  A bullfrog zombie (D:11)
  13 hounds
  5 orc priests
  15 orc wizards
  A bullfrog skeleton (D:8)
  4 iguanas
  A hell rat (Lair:2)
  13 worker ants
  A hound skeleton (D:10)
  3 howler monkey zombies
  19 adders
  21 gnolls
  2 shadow imps
  An ooze (D:2)
  3 worms
  5 dart slugs
  4 leopard geckos
  39 orcs
  12 bats
  8 giant cockroaches
  5 goblins
  14 hobgoblins
  6 jackals
  4 quokkas
  A ball python (D:7)
  5 frilled lizards
  20 kobolds
  A leopard gecko skeleton (D:6)
  7 rats
  3 fungi
475 creatures vanquished.

Vanquished Creatures (others)
  An orc priest (D:5)
  A howler monkey skeleton (D:5)
  5 fungi
  7 plants (Lair:5)
14 creatures vanquished.

Grand Total: 489 creatures vanquished

Notes
Turn   | Place    | Note
-------+----------+-------------------------------------------
     0 | D:1      | Ordine the Tengu Wizard began the quest for the Orb.
     0 | D:1      | Reached XP level 1. HP: 10/10 MP: 5/5
   229 | D:1      | Reached XP level 2. HP: 15/15 MP: 5/7
   233 | D:1      | Learned a level 2 spell: Blink
   502 | D:1      | Reached skill level 1 in Translocations
   544 | D:1      | Reached XP level 3. HP: 19/19 MP: 5/8
  1138 | D:2      | Reached XP level 4. HP: 17/24 MP: 5/10
  1574 | D:2      | Found a white marble altar of Elyvilon.
  1579 | D:2      | Found a glowing silver altar of Zin.
  2146 | D:3      | Gained mutation: You can fly. [Tengu growth]
  2146 | D:3      | Reached XP level 5. HP: 28/28 MP: 7/11
  2881 | D:4      | Noticed Ordine's ghost (amateur TeWz)
  2912 | D:4      | Killed Ordine's ghost
  2912 | D:4      | Reached XP level 6. HP: 13/32 MP: 0/13
  3179 | D:4      | Reached skill level 5 in Conjurations
  3251 | D:4      | Got a scorched lead ring
  3253 | D:4      | Identified the ring "Bisaz" {rPois rC+ MR+ Str+4 Dex-4 Stlth-} (You found it on level 4 of the Dungeon)
  3291 | D:4      | Noticed a phantom
  3340 | D:4      | Killed a phantom
  3340 | D:4      | Reached skill level 1 in Fighting
  3340 | D:4      | Reached skill level 1 in Armour
  3340 | D:4      | Reached XP level 7. HP: 14/38 MP: 0/14
  4183 | D:5      | Entered Level 5 of the Dungeon
  4338 | D:5      | Noticed Pikel
  4398 | D:4      | Killed Pikel
  4398 | D:4      | Reached skill level 5 in Dodging
  4398 | D:4      | Reached XP level 8. HP: 40/46 MP: 9/15
  4827 | D:5      | Got a shimmering shortbow
  4833 | D:5      | Identified the cursed +3 shortbow of Mixzismi {speed, Str+5} (You found it on level 5 of the Dungeon)
  5510 | D:5      | Reached skill level 1 in Bows
  5627 | D:6      | Noticed Grinder
  5643 | D:6      | Paralysed by Grinder for 4 turns
  5647 | D:6      | Killed Grinder
  5647 | D:6      | Reached skill level 3 in Bows
  5824 | D:6      | Reached skill level 4 in Bows
  5868 | D:6      | Reached skill level 5 in Bows
  5868 | D:6      | Reached XP level 9. HP: 23/52 MP: 16/16
  5986 | D:6      | Reached skill level 6 in Bows
  6106 | D:6      | Reached skill level 7 in Bows
  6452 | D:6      | Found Buler's General Store.
  7102 | D:7      | Got a fine falchion
  7103 | D:7      | Identified the +7 falchion of Zaej {freeze, MP-9 Str+6 Dex+3 SInv} (You found it on level 7 of the Dungeon)
  7124 | D:7      | Noticed Dowan
  7132 | D:7      | Noticed Duvessa
  7153 | D:7      | Killed Duvessa
  7153 | D:7      | Reached skill level 1 in Long Blades
  7153 | D:7      | Reached skill level 8 in Bows
  7162 | D:7      | Killed Dowan
  7308 | D:7      | Learned a level 3 spell: Portal Projectile
  7343 | D:7      | Found a white marble altar of Elyvilon.
  7542 | D:7      | Found a staircase to the Ecumenical Temple.
  7550 | Temple   | Entered the Ecumenical Temple
  7980 | D:6      | Bought 17 arrows for 37 gold pieces
  7980 | D:6      | Bought a scroll of acquirement for 572 gold pieces
  8046 | Temple   | Became a worshipper of Dithmenos the Shadowed
  8060 | Temple   | Got an ebony great sword
  8061 | Temple   | Identified the +5 great sword "Luento" {venom, rPois Str+7 Dex-2 SInv} (You acquired it in the Ecumenical Temple)
  8190 | D:8      | Reached XP level 10. HP: 58/58 MP: 8/17
  8194 | D:8      | Reached skill level 1 in Hexes
  8282 | D:8      | Reached skill level 5 in Armour
  8288 | D:8      | Reached * piety under Dithmenos
  8409 | D:8      | Reached skill level 9 in Bows
  9152 | D:9      | Reached skill level 5 in Fighting
  9167 | D:9      | Reached ** piety under Dithmenos
  9272 | D:9      | Noticed a two-headed ogre
  9419 | D:8      | Gained mutation: You are partially covered in thin metallic scales. (AC +2) [potion of mutation]
  9419 | D:8      | Gained mutation: Scrolls take you a little longer to read. [potion of mutation]
  9419 | D:8      | Gained mutation: Your flesh is heat resistant. (rF+) [potion of mutation]
  9419 | D:8      | Gained mutation: You evolve. [potion of mutation]
  9568 | D:9      | Noticed a two-headed ogre
  9599 | D:8      | Killed a two-headed ogre
  9599 | D:8      | Reached skill level 5 in Long Blades
  9599 | D:8      | Reached skill level 1 in Invocations
  9599 | D:8      | Reached XP level 11. HP: 64/64 MP: 0/18
  9868 | D:9      | Killed a two-headed ogre
 10341 | D:9      | Found Gasoaf's Quality Used Wands.
 10664 | D:9      | Gained mutation: Your mind is acute. (Int +2) [evolution]
 10737 | D:9      | Reached *** piety under Dithmenos
 10765 | D:10     | Entered Level 10 of the Dungeon
 10942 | D:10     | Found a portal to a secret trove of treasure.
 10955 | D:10     | Noticed an unseen horror
 10979 | D:10     | Killed an unseen horror
 11193 | D:10     | Reached skill level 10 in Bows
 11271 | D:10     | Noticed Erolcha
 11287 | D:10     | Killed Erolcha
 11582 | D:10     | Noticed Snorg
 11633 | D:9      | Killed Snorg
 11925 | D:11     | Noticed a red ugly thing
 11960 | D:10     | Killed a red ugly thing
 12105 | D:11     | Found Eroinu Buena's Food Shop.
 12117 | D:11     | Noticed a two-headed ogre
 12136 | D:11     | Killed a two-headed ogre
 12136 | D:11     | Reached XP level 12. HP: 64/71 MP: 3/19
 12314 | D:11     | Reached **** piety under Dithmenos
 12388 | D:11     | Noticed a soul eater
 13006 | D:11     | Found a staircase to the Lair.
 13180 | D:11     | Found a staircase to the Orcish Mines.
 13204 | D:11     | Identified the Disquisition on Ice and Orientation
 13254 | D:11     | Noticed Psyche
 13325 | D:11     | Killed Psyche
 13434 | D:11     | Noticed Harold
 13458 | D:11     | Killed Harold
 13722 | D:11     | Gained mutation: Your muscles are strong. (Str +2) [evolution]
 13808 | Lair:1   | Entered Level 1 of the Lair of Beasts
 13886 | Lair:1   | Noticed kroki's ghost (journeyman DsWn)
 13890 | Lair:1   | Noticed a four-headed hydra
 13904 | D:11     | Killed a four-headed hydra
 14058 | Lair:1   | Killed kroki's ghost
 14360 | Lair:1   | Noticed a four-headed hydra
 14372 | Lair:1   | Killed a four-headed hydra
 14446 | Lair:1   | Gained mutation: Your flesh is very heat resistant. (rF++) [evolution]
 14446 | Lair:1   | Lost mutation: You evolve. [end of evolution]
 14507 | Lair:1   | Reached skill level 5 in Invocations
 14629 | Lair:1   | Reached skill level 11 in Bows
 14670 | Lair:1   | Reached ***** piety under Dithmenos
 14673 | Lair:1   | Reached skill level 5 in Translocations
 14698 | Lair:1   | Reached skill level 5 in Hexes
 15226 | Lair:2   | Reached XP level 13. HP: 78/78 MP: 11/20
 16201 | Lair:2   | Found a staircase to the Shoals.
 17667 | Lair:3   | Reached skill level 10 in Dodging
 17667 | Lair:3   | Reached skill level 5 in Stealth
 17859 | Lair:4   | Lost mutation: Your flesh is very heat resistant. (rF++) [potion of mutation]
 17859 | Lair:4   | Lost mutation: Your mind is acute. (Int +2) [potion of mutation]
 17859 | Lair:4   | Lost mutation: Your muscles are strong. (Str +2) [potion of mutation]
 17859 | Lair:4   | Lost mutation: Your flesh is heat resistant. (rF+) [potion of mutation]
 17859 | Lair:4   | Gained mutation: Your muscles are strong. (Str +2) [potion of mutation]
 17859 | Lair:4   | Gained mutation: You are dopey. (Int -2) [potion of mutation]
 17859 | Lair:4   | Gained mutation: You evolve. [potion of mutation]
 17859 | Lair:4   | Gained mutation: You have an increased reservoir of magic. (+10% MP) [potion of mutation]
 17878 | Lair:4   | Lost mutation: You have an increased reservoir of magic. (+10% MP) [potion of mutation]
 17878 | Lair:4   | Lost mutation: You evolve. [potion of mutation]
 17878 | Lair:4   | Lost mutation: You are partially covered in thin metallic scales. (AC +2) [potion of mutation]
 17878 | Lair:4   | Lost mutation: Scrolls take you a little longer to read. [potion of mutation]
 17878 | Lair:4   | Lost mutation: You are dopey. (Int -2) [potion of mutation]
 17878 | Lair:4   | Gained mutation: Your mind is acute. (Int +2) [potion of mutation]
 18116 | Lair:4   | You are sucked into a shaft!
 18476 | Lair:5   | Noticed an entropy weaver
 18479 | Lair:5   | Noticed an entropy weaver
 19140 | Lair:4   | Reached ****** piety under Dithmenos
 19142 | Lair:4   | Mangled by a blink frog

Vault maps used:
D:1:      minmay_arrival_open_corners
D:2:      amethyst_overflow_temple_binary
D:3:      hangedman_abyss_or_decor_stabs, minmay_gold_behind_fungi
D:5:      first_bread, uniq_pikel
D:6:      kennysheep_housing_project, serial_shops,
          nicolae_shop_window_shopping, uniq_grinder
D:7:      minmay_temple_entry_glassed_door, elyvilon_altar_3, uniq_duvessa
D:8:      kennysheep_blocky_hall
D:9:      grunt_livestock, nicolae_for_you_no_charge
D:10:     enter_trove_1, uniq_erolcha, uniq_snorg
D:11:     erik_lair_island, serial_shops, shop, uniq_psyche, uniq_harold
Temple:   regret_index_temple_chain_breaker
Lair:2:   regret_index_tunnel_blossom, elwin_shoals_entry_rocks,
          serial_bayou_lagoon_a
Lair:3:   lemuel_fruit_tree
Lair:4:   dummy_snake_entry
Lair:5:   slime_altar_1, wad_woods_antlair, lemuel_fruit_fields

Skill      XL: |  1  2  3  4  5  6  7  8  9 10 11 12 13 |
---------------+----------------------------------------+-----
Conjurations   | 2 3 4 5 |  5.0
Translocations | 1 2 3 4 5 |  5.0
Stealth        | 3 5 |  5.7
Spellcasting   | 4 |  4.0
Dodging        | 3 5 6 8 9 10 | 10.3
Fighting       | 1 3 4 5 6 7 8 |  8.9
Armour         | 1 4 6 |  6.0
Bows           | 5 8 9 10 11 | 11.7
Long Blades    | 3 5 6 7 9 |  9.2
Hexes          | 2 4 5 |  5.0
Invocations    | 1 3 5 6 |  6.4
Summonings     | |  1.2

Action                   |  1- 3 |  4- 6 |  7- 9 | 10-12 | 13-15 || total
-------------------------+-------+-------+-------+-------+-------++-------
Melee: Unarmed           |     2 |       |       |       |       ||     2
       Peck              |     1 |     9 |    16 |   112 |    81 ||   219
       Whip              |     3 |    64 |    76 |       |       ||   143
       Kick              |       |    14 |    35 |   182 |   139 ||   370
       Shortbow          |       |       |     1 |       |       ||     1
       Falchion          |       |       |    79 |   535 |   374 ||   988
 Fire: Shortbow          |       |       |   129 |   265 |    88 ||   482
 Cast: Magic Dart        |    84 |   144 |   123 |       |       ||   351
       Blink             |       |       |     2 |    22 |     5 ||    29
       Portal Projectile |       |       |     1 |    15 |     5 ||    21
 Abil: Fly               |       |       |     5 |     5 |     2 ||    12
  Use: Scroll            |       |     6 |    11 |     9 |     5 ||    31
       Potion            |       |       |     2 |     9 |     2 ||    13
 Stab: Sleeping          |       |       |       |       |     1 ||     1
  Eat: Chunk             |     1 |     6 |    16 |    24 |    30 ||    77
       Bread ration      |       |       |       |       |     1 ||     1
Armor: Robe              |     2 |    20 |       |       |       ||    22
       Troll leather arm |       |       |   111 |   188 |   112 ||   411
       Skin              |       |       |       |    15 |       ||    15
Dodge: Dodged            |    13 |    46 |   253 |   525 |   394 ||  1231
       Rpst.: Falchion   |       |       |    16 |   122 |    96 ||   234
